 Dungeon Crawl Stone Soup version 0.29.1-13-g9f3cf754e1 (webtiles) character file.

Game seed: 10626910801728786556

218 lilitu the Trooper (level 5, -11/47 HPs)
             Began as a Minotaur Fighter on Jan 31, 2023.
             Killed by divine providence
             ... invoked by an orc priest
              (17 damage)
             ... on level 4 of the Dungeon.
             The game lasted 00:04:45 (2969 turns).

lilitu the Trooper (Minotaur Fighter)               Turns: 2969, Time: 00:04:46

Health: -11/47     AC:  9    Str: 22    XL:     5   Next: 63%
Magic:  4/4        EV:  7    Int:  5    God:
Gold:   178        SH:  4    Dex: 10    Spells: 4/4 levels left

rFire   . . .      SeeInvis .   h - +0 whip
rCold   . . .      Faith    .   c - +0 buckler
rNeg    . . .      Spirit   .   f - +0 chain mail
rPois   .          Reflect  .   (helmet restricted)
rElec   .          Harm     .   (no cloak)
rCorr   .          Rampage  .   (no gloves)
Will    .....                   (no boots)
Stlth   ..........              (no amulet)
HPRegen 0.15/turn               (no ring)
MPRegen 0.09/turn               (no ring)

@: mighty
A: horns 2, retaliatory headbutt
a: no special abilities


You were on level 4 of the Dungeon.
You visited 1 branch of the dungeon, and saw 4 of its levels.

You collected 178 gold pieces.

Inventory:

Hand Weapons
 a - a +0 flail
 h - a +0 whip (weapon)
 l - a +0 whip
 o - a +0 whip
 w - a +0 whip
Missiles
 b - 24 stones (quivered)
 v - 12 poisoned darts
Armour
 c - a +0 buckler (worn)
 f - a +0 chain mail (worn)
 i - a scarf of invisibility
 y - a +0 pair of boots
Jewellery
 t - a ring of resist corrosion
Scrolls
 g - a scroll of brand weapon {unknown}
 k - 10 scrolls of identify {unknown}
 n - a scroll of blinking {unknown}
 r - a scroll of magic mapping {unknown}
 x - a scroll of fear {unknown}
Potions
 e - a potion of brilliance {unknown}
 j - 2 potions of curing
 m - a potion of degeneration {unknown}
 p - a potion of mutation {unknown}
 q - a potion of ambrosia {unknown}
 s - a potion of lignification {unknown}
 u - a potion of invisibility {unknown}


   Skills:
 + Level 4.7 Fighting
 + Level 4.5 Maces & Flails
 * Level 2.1 Throwing
 + Level 4.7 Armour
 + Level 0.1 Dodging
 + Level 0.1 Stealth
 + Level 4.0 Shields


You had 4 spell levels left.
You didn't know any spells.
Your spell library contained the following spells:

 Spells                   Type           Power      Damage    Failure   Level
 Sublimation of Blood     Necr           0%         N/A       100%        2
 Petrify                  Tmut/Erth      0%         N/A       100%        4
 Irradiate                Conj/Tmut      0%         3d11      100%        5


Dungeon Overview and Level Annotations

Branches:
Dungeon (4/15)
 Temple: D:4-7

Altars:
Makhleb

Shops:
D:2 (


Innate Abilities, Weirdness & Mutations

You have a pair of horns on your head.
You reflexively headbutt those who attack you in melee.


Message History

You barely miss the orc.
The orc is moderately wounded.
The orc hits you with a +0 flail. The iguana closely misses you.
You hit the orc.
You kill the orc!
The iguana barely misses you. You furiously retaliate!
You headbutt the iguana.
The orc priest mumbles some strange prayers to Beogh against you.
Beogh smites you!
You hit the iguana.
You kill the iguana!
The orc priest mumbles some strange prayers to Beogh against you.
You barely resist. You completely miss the orc priest.
The orc priest hits you but does no damage.
You hit the orc priest. Your headbutt misses the orc priest.
The orc priest is lightly wounded.
The orc priest casts a cantrip, but nothing happens.
The orc priest closely misses you.
You closely miss the orc priest.
The orc priest is lightly wounded.
You hear the slow rusting of a drain nearby.
You barely miss the orc priest.
The orc priest is lightly wounded.
The orc priest invokes the aid of Beogh against you.
Beogh smites you!
* * * LOW HITPOINT WARNING * * *
You barely miss the orc priest.
The orc priest is lightly wounded.
The orc priest hits you but does no damage.
It was a potion of curing.
You feel better.
The orc priest hits you with a +0 hand axe!
* * * LOW HITPOINT WARNING * * *
You feel very mighty all of a sudden.
The orc priest hits you with a +0 hand axe.
* * * LOW HITPOINT WARNING * * *
You closely miss the orc priest.
The orc priest is lightly wounded.
The orc priest invokes the aid of Beogh against you.
Beogh smites you!
You die...

.... #..### .#.# ..#
#..#.# ...## <.#
###....###....
..######.......#...#
...........##......
###.#.####.###..##
##...###........o#
#.#.......#....#o#
.........##..###@#
..#.....######...#
.##.#..## #....
.##.#..# ##...#
.......# ##..#
#.....## #...
####### ##.. ###


You could see 2 orc priests.

Vanquished Creatures
  A necrophage (D:4)
  An iguana (D:4)
  4 gnolls (D:3)
  2 adders
  4 worms
  2 dart slugs
  An orc (D:4)
  4 ball pythons
  2 bats (D:3)
  9 endoplasms
  A giant cockroach (D:2)
  4 goblins
  5 hobgoblins
  2 jackals (D:2)
  4 frilled lizards
  8 kobolds
  7 rats
61 creatures vanquished.

Notes
Turn   | Place    | Note
-------+----------+-------------------------------------------
     0 | D:1      | lilitu the Minotaur Fighter began the quest for the Orb.
     0 | D:1      | Reached XP level 1. HP: 19/19 MP: 0/0
   194 | D:1      | Reached XP level 2. HP: 13/27 MP: 1/1
   787 | D:2      | Reached skill level 1 in Throwing
   865 | D:2      | Reached XP level 3. HP: 33/33 MP: 2/2
  1209 | D:2      | Found Rapseu's Antique Weapon Emporium.
  1939 | D:3      | Reached XP level 4. HP: 14/41 MP: 3/3
  2319 | D:3      | Found a burning altar of Makhleb.
  2759 | D:3      | Found a faded altar of an unknown god.
  2935 | D:4      | Noticed a necrophage
  2946 | D:4      | Killed a necrophage
  2947 | D:4      | Reached XP level 5. HP: 41/47 MP: 4/4
  2969 | D:4      | Killed from afar by an orc priest

Illustrated notes

Levels and vault maps discovered:
D:1:      spicycebolla_arrival_clurvy, layout_loops_ring, minmay_octomino_e4
D:2:      layout_basic, serial_shops, nicolae_shop_trees
D:3:      layout_basic, general_overflow_altar,
          hellmonk_ecumenical_altar_run_dry, minmay_quadrilaterals
D:4:      layout_cave_pools, gup_sewer_entry_bubbles

Skill      XL: |  1  2  3  4 |
---------------+-------------+-----
Fighting       | 4 |  4.7
Throwing       | 1 2 |  2.1
Armour         | 4 |  4.7
Maces & Flails | 3 4 |  4.5
Shields        | 4 |  4.0
Dodging        | |  0.1
Stealth        | |  0.1

Action                   |  1- 3 |  4- 6 || total
-------------------------+-------+-------++-------
Melee: Flail             |    95 |    31 ||   126
       Headbutt          |    15 |     5 ||    20
       Whip              |       |    24 ||    24
  Use: Potion            |       |     2 ||     2
Armor: Chain mail        |    58 |    25 ||    83
Dodge: Dodged            |    38 |    24 ||    62
Block: Buckler           |     7 |    11 ||    18
